 Dungeon Crawl Stone Soup version 0.27-a0-732-ga892ba84f6 (webtiles) character file.

Game seed: 13714762621290723419

37 sleeves the Gusty (level 3, -1/28 HPs)
             Began as a Naga Air Elementalist on Mar 23, 2021.
             Slain by an adder (4 damage)
             ... on level 2 of the Dungeon.
             The game lasted 00:04:31 (1800 turns).

sleeves the Gusty (Naga Air Elementalist)           Turns: 1800, Time: 00:04:32

Health: -1/28      AC:  2    Str: 10    XL:     3   Next: 41%
Magic:  0/6        EV:  9    Int: 16    God:
Gold:   54         SH:  0    Dex: 11    Spells: 5/6 levels left

rFire    . . .     SeeInvis +   b - +0 short sword
rCold    . . .     Faith    .   (no shield)
rNeg     . . .     Spirit   .   a - +0 robe
rPois    +         Reflect  .   (no helmet)
rElec    .         Harm     .   (no cloak)
rCorr    .         Rampage  .   (no gloves)
Will     .....                  (no barding)
Stlth    ++........             (no amulet)
HPRegen  0.09/turn              (no ring)
MPRegen  0.10/turn              (no ring)

@: mighty, lethally poisoned (-1 -> -6), very slightly contaminated, very slow
A: AC +1, large, see invisible, deformed body, poison resistance, slowness 2,
spit poison 1, naga tail 1
a: Spit Poison


You were on level 2 of the Dungeon.
You visited 1 branch of the dungeon, and saw 2 of its levels.

You collected 54 gold pieces.

Inventory:

Hand Weapons
 b - a +0 short sword (weapon)
   (You took it off a kobold on level 1 of the Dungeon)
Armour
 a - a +0 robe (worn)
 g - a +2 helmet
   (You found it on level 1 of the Dungeon)
 h - a +0 pair of gloves
   (You found it on level 1 of the Dungeon)
 i - a +0 pair of gloves
   (You found it on level 1 of the Dungeon)
Scrolls
 e - a scroll of identify {unknown}
 f - a scroll of teleportation {unknown}
Potions
 d - a potion of resistance {unknown}


   Skills:
 - Level 1.5 Dodging
 - Level 3.0 Stealth
 - Level 2.0 Spellcasting
 + Level 1.2 Conjurations
 + Level 4.3 Air Magic


You had 5 spell levels left.
You knew the following spells:

 Your Spells              Type           Power      Damage    Failure   Level
a - Shock                 Conj/Air       40%        1d5       7%          1

Your spell library contained the following spells:

 Spells                   Type           Power      Damage    Failure   Level
 Swiftness                Air            15%        N/A       5%          2
 Static Discharge         Conj/Air       10%        N/A       21%         3
 Airstrike                Air            7%         N/A       34%         4
 Lightning Bolt           Conj/Air       5%         1d17      88%         5


Dungeon Overview and Level Annotations

Branches:
Dungeon (2/15)

Altars:


Innate Abilities, Weirdness & Mutations

Your serpentine skin is tough. (AC +1)
You have supernaturally acute eyesight. (SInv)
Armour fits poorly on your strangely shaped body.
Your system is resistant to poisons. (rPois)
You cover ground very slowly.
You can spit poison.
You have a snake-like lower body.


Message History

Welcome, sleeves the Naga Air Elementalist.
The bosom of this dungeon contains the transcendent artefact, the Orb of Zot.
Press ? for a list of commands and other information.
Found 23 stones.
Found two escape hatches in the floor.
Found a staircase leading out of the dungeon.
Okay, then.
Okay, then.
A bat comes into view.
A bat is nearby!
A bat is nearby!
The zap hits the bat.
The bat is severely wounded.
The bat hits you.
The zap misses the bat.
The bat closely misses you.
The zap hits the bat.
You kill the bat!
Magic restored.
A rat comes into view.
A rat is nearby!
A rat is nearby!
A rat is nearby!
The zap hits the rat.
You kill the rat!
Found a stone staircase leading down.
A kobold comes into view. It is wielding a +0 short sword.
The kobold shouts!
An ooze comes into view.
There are monsters nearby!
The zap hits the kobold.
You kill the kobold!
The zap hits the ooze.
The ooze is moderately wounded.
The zap hits the ooze.
The ooze is severely wounded.
The zap hits the ooze.
You kill the ooze!
Things that are here:
a +0 short sword; a kobold corpse A jackal comes into view.
A jackal is nearby!
Things that are here:
a +0 short sword; a kobold corpse
b - a +0 short sword A jackal comes into view.
Found a spear.
b - a +0 short sword (weapon)
Casting: Shock (safe; 10% risk of failure)
Confirm with . or Enter, or press ? or * to list all spells.
Aiming: Shock (safe; 10% risk of failure)
Press: ? - help, Shift-Dir - straight line, f - jackal
Aim: a jackal (asleep, 0% to evade)
Okay, then.
Press: ? - help, Shift-Dir - straight line, f - jackal
Aim: a jackal (asleep)
The splash of poison hits the jackal but does no damage.
The jackal barks! x2; You hear a shout!
A jackal comes into view.
The jackal barks!
You hit the jackal.
The jackal is moderately wounded.
Casting: Shock (safe; 10% risk of failure)
Confirm with . or Enter, or press ? or * to list all spells.
Aiming: Shock (safe; 10% risk of failure)
Press: ? - help, Shift-Dir - straight line, p - jackal You can't see that place. [a rock wall.]
Okay, then.
The jackal bites you.
You see here a bubbling red potion.
A ball python comes into view.
You have got your breath back.
The jackal bites you.
Casting: Shock (safe; 10% risk of failure)
Confirm with . or Enter, or press ? or * to list all spells.
Aiming: Shock (safe; 10% risk of failure)
Press: ? - help, Shift-Dir - straight line, f/p - jackal
Aim: a jackal (moderately wounded, 40% to evade)
The zap hits the jackal.
You kill the jackal!
The zap hits the jackal.
The jackal is heavily wounded.
The ball python hisses angrily.
The jackal bites you.
Casting: Shock (safe; 9% risk of failure)
Confirm with . or Enter, or press ? or * to list all spells.
Aiming: Shock (safe; 9% risk of failure)
Press: ? - help, Shift-Dir - straight line, f - jackal
Aim: a jackal (40% to evade)
The zap misses the jackal.
The zap hits the jackal.
You kill the jackal!
The jackal bites you.
* * * LOW HITPOINT WARNING * * *
You have reached level 2!
Casting: Shock (safe; 9% risk of failure)
Confirm with . or Enter, or press ? or * to list all spells.
Aiming: Shock (safe; 9% risk of failure)
Press: ? - help, Shift-Dir - straight line, f/p - jackal
Aim: a jackal (40% to evade)
The zap hits the jackal.
The jackal is almost dead.
* * * LOW MAGIC WARNING * * *
The jackal bites you.
* * * LOW HITPOINT WARNING * * *
You closely miss the jackal.
The jackal is almost dead.
The jackal bites you.
* * * LOW HITPOINT WARNING * * *
The jackal bites you.
* * * LOW HITPOINT WARNING * * *
A kobold comes into view. It is wielding a +0 short sword.
Press: ? - help, Shift-Dir - straight line, f - ball python, p - jackal
Aim: a ball python The splash of poison hits the ball python!
The ball python is poisoned.
You kill the ball python!
A bat comes into view.
The jackal bites you but does no damage.
The jackal closely misses you.
There is a stone staircase leading down here.
You have got your breath back.
The jackal completely misses you. The jackal barely misses you.
You climb downwards.
There is a stone staircase leading up here.
You barely miss the jackal.
The jackal is almost dead.
The jackal bites you.
* * * LOW HITPOINT WARNING * * *
The jackal barely misses you.
The jackal bites you but does no damage.
Casting: Shock (safe; 9% risk of failure)
Confirm with . or Enter, or press ? or * to list all spells.
Aiming: Shock (safe; 9% risk of failure)
Press: ? - help, Shift-Dir - straight line The zap hits the jackal.
The jackal is almost dead.
The zap hits the jackal.
You kill the jackal!
* * * LOW MAGIC WARNING * * *
You start resting.
A worm comes into view.
A worm is nearby!
You see here a jackal corpse.
There is a stone staircase leading up, spattered with blood here.
You start resting.
A worm is nearby!
A worm comes into view.
A ball python comes into view.
Found a stone staircase leading down.
Press: ? - help, Shift-Dir - straight line, f - ball python
Aim: a ball python (asleep)
The splash of poison hits the ball python.
The ball python is poisoned.
You kill the ball python!
You have got your breath back.
There is a stone staircase leading down here.
You open the door.
Found 17 stones.
There is an open door here.
You close the door.
You start resting.
Magic restored.
You start resting.
HP restored.
You open the door.
There is an open door here.
A ball python comes into view.
The ball python hisses angrily.
The ball python closely misses you.
There is an open door here.
The ball python bites you. The ball python closely misses you. x2
Press: ? - help, Shift-Dir - straight line, f - ball python
Aim: a ball python The splash of poison hits the ball python.
The ball python is poisoned.
You kill the ball python!
Casting: Shock (safe; 9% risk of failure)
Confirm with . or Enter, or press ? or * to list all spells.
Aiming: Shock (safe; 9% risk of failure)
Press: ? - help, Shift-Dir - straight line The zap hits the worm.
The worm is moderately wounded.
The zap hits the worm.
The worm is heavily wounded.
You have got your breath back.
The worm bites you!
Ouch! That really hurt!
* * * LOW HITPOINT WARNING * * *
Casting: Shock (safe; 9% risk of failure)
Confirm with . or Enter, or press ? or * to list all spells.
Aiming: Shock (safe; 9% risk of failure)
Press: ? - help, Shift-Dir - straight line The zap hits the worm.
The worm is severely wounded.
The zap hits the worm.
The worm is severely wounded.
Casting: Shock (safe; 9% risk of failure)
Confirm with . or Enter, or press ? or * to list all spells.
Aiming: Shock (safe; 9% risk of failure)
Press: ? - help, Shift-Dir - straight line The zap hits the worm.
The worm is almost dead.
The zap hits the worm.
You kill the worm!
You see here a worm corpse.
You close the door.
You start resting.
Magic restored.
You start resting.
HP restored.
As you open the door, it creaks loudly!
There is an open door here.
There is a stone staircase leading up, spattered with blood here.
Unknown command.
Unknown command.
Unknown command.
Unknown command.
You climb upwards.
The kobold hits you with a +0 short sword. x2
There is a stone staircase leading down here.
Casting: Shock (safe; 9% risk of failure)
Confirm with . or Enter, or press ? or * to list all spells.
Aiming: Shock (safe; 9% risk of failure)
Press: ? - help, Shift-Dir - straight line The zap hits the kobold.
You kill the kobold!
You are too injured to fight recklessly!
You are too injured to fight recklessly!
You are too injured to fight recklessly!
A bat is nearby!
A bat is nearby!
A bat is nearby!
A bat is nearby!
You are too injured to fight recklessly!
Casting: Shock (safe; 9% risk of failure)
Confirm with . or Enter, or press ? or * to list all spells.
Aiming: Shock (safe; 9% risk of failure)
Press: ? - help, Shift-Dir - straight line You miscast Shock.
You are very lightly contaminated with residual magic.
Nothing appears to happen.
The bat hits you but does no damage.
Casting: Shock (safe; 9% risk of failure)
Confirm with . or Enter, or press ? or * to list all spells.
Aiming: Shock (safe; 9% risk of failure)
Press: ? - help, Shift-Dir - straight line The zap misses the bat.
The bat hits you. The bat hits you but does no damage.
Casting: Shock (safe; 9% risk of failure)
Confirm with . or Enter, or press ? or * to list all spells.
You don't know that spell.
A bat is nearby!
A bat is nearby!
A bat is nearby!
A bat is nearby!
Casting: Shock (safe; 9% risk of failure)
Confirm with . or Enter, or press ? or * to list all spells.
Aiming: Shock (safe; 9% risk of failure)
Press: ? - help, Shift-Dir - straight line, f - bat
Aim: a bat (48% to evade)
The zap misses the bat.
The bat barely misses you.
Casting: Shock (safe; 9% risk of failure)
Confirm with . or Enter, or press ? or * to list all spells.
Aiming: Shock (safe; 9% risk of failure)
Press: ? - help, Shift-Dir - straight line, f/p - bat
Aim: a bat (48% to evade)
The zap hits the bat.
You kill the bat!
Your magical contamination has completely faded away.
Magic restored.
HP restored.
Found 22 sling bullets.
Things that are here:
a +0 short sword; a kobold corpse; a ball python skeleton
There is a stone staircase leading down here.
You see here a bat corpse.
c - a bubbling red potion You see here a jackal skeleton.
You see here a jackal skeleton.
You open the door.
An ooze comes into view.
An ooze is nearby!
There is an open door here.
Casting: Shock (safe; 9% risk of failure)
Confirm with . or Enter, or press ? or * to list all spells.
Aiming: Shock (safe; 9% risk of failure)
Press: ? - help, Shift-Dir - straight line The zap hits the ooze.
The ooze is heavily wounded.
The ooze quivers.
Casting: Shock (safe; 9% risk of failure)
Confirm with . or Enter, or press ? or * to list all spells.
Aiming: Shock (safe; 9% risk of failure)
Press: ? - help, Shift-Dir - straight line You miscast Shock.
You are very lightly contaminated with residual magic.
Nothing appears to happen.
Casting: Shock (safe; 9% risk of failure)
Confirm with . or Enter, or press ? or * to list all spells.
Aiming: Shock (safe; 9% risk of failure)
Press: ? - help, Shift-Dir - straight line The zap hits the ooze.
The ooze is almost dead.
Casting: Shock (safe; 9% risk of failure)
Confirm with . or Enter, or press ? or * to list all spells.
Aiming: Shock (safe; 9% risk of failure)
Press: ? - help, Shift-Dir - straight line The zap hits the ooze.
You kill the ooze!
Your magical contamination has completely faded away.
You open the door.
There is an open door here.
You now have 16 gold pieces.
d - a yellow potion You enter the shallow water.
Moving in this stuff is going to be slow.
A hobgoblin comes into view.
A hobgoblin is nearby!
Okay, then.
Found a stone staircase leading down.
Found 15 stones.
A ball python and an ooze come into view.
The ball python hisses angrily.
The ball python moves out of view.
Casting: Shock (safe; 9% risk of failure)
Confirm with . or Enter, or press ? or * to list all spells.
Aiming: Shock (safe; 9% risk of failure)
Press: ? - help, Shift-Dir - straight line, f - ooze
Aim: an ooze (wandering, hasn't noticed you, 3% to evade)
You miscast Shock.
You are very lightly contaminated with residual magic.
Nothing appears to happen.
The ooze quivers.
Press: ? - help, Shift-Dir - straight line, f/p - ooze
Aim: an ooze The splash of poison hits the ooze.
The ooze is lightly wounded.
Casting: Shock (safe; 9% risk of failure)
Confirm with . or Enter, or press ? or * to list all spells.
Aiming: Shock (safe; 9% risk of failure)
Press: ? - help, Shift-Dir - straight line, p - ooze The zap misses the ball python.
The zap hits the ooze.
You kill the ooze!
The ball python bites you.
Your Air Magic skill increases to level 4!
Casting: Shock (safe; 8% risk of failure)
Confirm with . or Enter, or press ? or * to list all spells.
Aiming: Shock (safe; 8% risk of failure)
Press: ? - help, Shift-Dir - straight line The zap misses the ball python.
You have got your breath back.
The ball python bites you.
Casting: Shock (safe; 8% risk of failure)
Confirm with . or Enter, or press ? or * to list all spells.
Aiming: Shock (safe; 8% risk of failure)
Press: ? - help, Shift-Dir - straight line The zap hits the ball python.
The ball python is severely wounded.
The ball python barely misses you.
Casting: Shock (safe; 8% risk of failure)
Confirm with . or Enter, or press ? or * to list all spells.
Aiming: Shock (safe; 8% risk of failure)
Press: ? - help, Shift-Dir - straight line The zap hits the ball python.
You kill the ball python!
* * * LOW MAGIC WARNING * * *
Your magical contamination has completely faded away.
You start resting.
HP restored.
Magic restored.
You see here a ball python corpse.
There is a stone staircase leading down here.
You see here 15 stones.
A goblin comes into view. It is wielding a +0 club.
The goblin shouts!
Found a scroll labelled MAREBI MUYLL.
A goblin is nearby!
A goblin is nearby!
Casting: Shock (safe; 8% risk of failure)
Confirm with . or Enter, or press ? or * to list all spells.
Aiming: Shock (safe; 8% risk of failure)
Press: ? - help, Shift-Dir - straight line, f - goblin
Aim: a goblin, wielding a +0 club (40% to evade)
You miscast Shock.
You are very lightly contaminated with residual magic.
Nothing appears to happen.
Unknown command.
The zap hits the goblin.
You kill the goblin!
Your magical contamination has completely faded away.
Things that are here:
a +0 club; a goblin corpse
e - a scroll labelled MAREBI MUYLL A hobgoblin comes into view.
A hobgoblin is nearby!
You miscast Shock.
You are very lightly contaminated with residual magic.
Nothing appears to happen.
The zap hits the hobgoblin.
The hobgoblin is heavily wounded.
The hobgoblin shouts!
The zap hits the hobgoblin.
You kill the hobgoblin!
A dart slug comes into view.
You have reached level 3!
Your experience leads to an increase in your attributes!
Increase (S)trength, (I)ntelligence, or (D)exterity?
You feel clever.
Your skin feels tougher.
The zap hits the dart slug.
The dart slug is moderately wounded.
The zap hits the dart slug.
The dart slug is severely wounded.
* * * LOW MAGIC WARNING * * *
You are too depleted to draw on your mana recklessly!
You are too depleted to draw on your mana recklessly!
Unknown command.
Press: ? - help, Shift-Dir - straight line, f - you, p - dart slug Really target yourself? [Y]es or [N]o only, please.
Really target yourself?
Okay, then.
Unknown command.
Unknown command.
Unknown command.
Unknown command.
Unknown command.
The dart slug launches a dart at you. The slug dart hits you.
Your magical contamination has completely faded away.
Press: ? - help, Shift-Dir - straight line, f - dart slug
Aim: a dart slug (severely wounded)
The splash of poison hits the dart slug!
The dart slug is poisoned.
You kill the dart slug!
You have got your breath back.
You start resting.
HP restored.
You see here 15 stones.
You start resting.
Magic restored.
Unknown command.
Unknown command.
You see here 15 stones.
You open the door.
There is an open door here.
You open the door.
There is an open door here.
A hobgoblin is nearby!
A hobgoblin is nearby!
A hobgoblin is nearby!
The zap hits the hobgoblin.
The hobgoblin is heavily wounded.
The hobgoblin shouts!
The zap misses the hobgoblin.
The zap hits the hobgoblin.
You kill the hobgoblin!
A goblin comes into view. It is wielding a +0 dagger.
A goblin is nearby!
A goblin is nearby!
A goblin is nearby!
The zap hits the goblin.
You kill the goblin!
You can't see any susceptible monsters within range! (Use Z to cast anyway.)
You can't see any susceptible monsters within range! (Use Z to cast anyway.)
f - a scroll labelled HAABRO PANOUFE A ball python comes into view.
The ball python moves out of view.
A ball python is nearby!
A ball python is nearby!
The zap hits the ball python.
You kill the ball python!
You can't see any susceptible monsters within range! (Use Z to cast anyway.)
You now have 33 gold pieces (gained 17).
An ooze comes into view.
Found a chain mail.
An ooze is nearby!
An ooze is nearby!
The zap hits the ooze.
The ooze is severely wounded.
The zap hits the ooze.
You kill the ooze!
You can't see any susceptible monsters within range! (Use Z to cast anyway.)
A bat comes into view.
A bat is nearby!
A bat is nearby!
The zap hits the bat.
You kill the bat!
You can't see any susceptible monsters within range! (Use Z to cast anyway.)
You see here a +0 chain mail.
g - a +2 helmet You open the door.
There is an open door here.
You now have 44 gold pieces (gained 11).
Found a dagger.
A hobgoblin comes into view.
Okay, then.
A hobgoblin is nearby!
A hobgoblin is nearby!
The zap hits the hobgoblin.
The hobgoblin is moderately wounded.
The zap hits the hobgoblin.
The hobgoblin is heavily wounded.
The hobgoblin hits you.
You miscast Shock.
You are very lightly contaminated with residual magic.
Nothing appears to happen.
The hobgoblin hits you.
The zap hits the hobgoblin.
You kill the hobgoblin!
Your magical contamination has completely faded away.
HP restored.
As you open the door, it creaks loudly!
There is an open door here.
A rat comes into view.
You see here a +0 pair of gloves.
A rat is nearby!
A rat is nearby!
A rat is nearby!
The zap hits the rat.
You kill the rat!
You can't see any susceptible monsters within range! (Use Z to cast anyway.)
h - a +0 pair of gloves
i - a +0 pair of gloves You see here a rat corpse.
Found a stone staircase leading down.
You open the door.
Found a leather armour.
There is an open door here.
There is a fountain of clear blue water here.
There is a dry fountain here.
There is an open door here.
There is an open door here.
You open the door.
There is an open door here.
There is an open door here.
Key pressed, stopping explore.
As you open the large door, it creaks loudly!
A quokka comes into view.
There is a large open door here.
A quokka is nearby!
A quokka is nearby!
The zap hits the quokka.
The quokka is lightly wounded.
The zap hits the quokka.
The quokka is moderately wounded.
The zap hits the quokka.
The quokka is almost dead.
The zap hits the quokka.
You kill the quokka!
Found 22 bolts.
There is a large open door here.
You see here a quokka corpse.
There is a large open door here.
You see here a quokka corpse.
There is a large open door here.
You see here a rat skeleton.
There is an open door here.
You open the door.
There is an open door here.
You open the door.
There is an open door here.
You open the door.
There is an open door here.
There is an open door here.
There is an open door here.
Key pressed, stopping explore.
There is a stone staircase leading down here.
You open the door.
Done exploring.
Done exploring.
Done exploring.
(D) Dungeon
Where to? (? - help)
There is a stone staircase leading down here.
You climb downwards.
There is a stone staircase leading up here.
A giant cockroach comes into view.
A giant cockroach is nearby!
A giant cockroach is nearby!
The zap hits the giant cockroach but does no damage.
The zap hits the giant cockroach.
The giant cockroach is moderately wounded.
The zap hits the giant cockroach.
You kill the giant cockroach!
Magic restored.
You now have 54 gold pieces (gained 10).
You open the door.
An adder comes into view.
The adder hisses angrily.
An adder is nearby!
An adder is nearby!
The zap misses the adder.
Press: ? - help, Shift-Dir - straight line, f/p - adder
Aim: an adder The splash of poison hits the adder!
The adder is almost dead.
You miscast Shock.
You are very lightly contaminated with residual magic.
Nothing appears to happen.
The zap misses the adder.
The adder bites you.
The zap misses the adder.
The adder bites you.
You are poisoned.
The adder poisons you! The adder bites you.
The zap misses the adder.
You have got your breath back.
You feel sick. The adder bites you.
You are more poisoned.
The adder poisons you!
The zap misses the adder.
* * * LOW MAGIC WARNING * * *
You feel very sick. The adder bites you.
* * * LOW HITPOINT WARNING * * *
You aren't carrying any items that you can evoke.
Unknown command.
It was a potion of might.
You feel very mighty all of a sudden.
You feel sick. The adder bites you.
* * * LOW HITPOINT WARNING * * *
The adder bites you.
You die...

#.........#
+.........+
.........
....... .....
... #S# #@#
##.########.
#...........
####...########
####.#.....#
......#...##
##.......#
#.##..#.#
#.....#.#


You could see an adder.

Vanquished Creatures
  A worm (D:2)
  A dart slug (D:1)
  5 ball pythons
  A giant cockroach (D:2)
  2 goblins (D:1)
  3 hobgoblins (D:1)
  3 jackals
  2 kobolds (D:1)
  4 oozes (D:1)
  A quokka (D:1)
  3 bats (D:1)
  2 rats (D:1)
28 creatures vanquished.

Notes
Turn   | Place    | Note
-------+----------+-------------------------------------------
     0 | D:1      | sleeves the Naga Air Elementalist began the quest for the
                  | Orb.
     0 | D:1      | Reached XP level 1. HP: 15/15 MP: 3/3
   146 | D:1      | HP: 7/15 [jackal (3)]
   147 | D:1      | Reached XP level 2. HP: 11/22 MP: 1/5
   153 | D:2      | HP: 4/22 [jackal (3)]
   411 | D:2      | HP: 10/22 [worm (11)]
   865 | D:1      | Reached skill level 4 in Air Magic
   961 | D:1      | Reached XP level 3. HP: 28/28 MP: 2/6
  1799 | D:2      | HP: 14/28 [poisoned by an adder]
  1800 | D:2      | HP: 3/28 [adder (5)]
  1800 | D:2      | Slain by an adder

Illustrated notes

Levels and vault maps discovered:
D:1:      dpeg_arrival_leaves_temple_mockup, layout_basic,
          minmay_misc_feat_five, serial_bayou_pond_a
D:2:      layout_loops_corners, makhleb_heckhound_becter

Skill      XL: |  1  2 |
---------------+-------+-----
Air Magic      | 4 |  4.3
Dodging        | |  1.5
Stealth        | |  3.0
Spellcasting   | |  2.0
Conjurations   | |  1.2

Action                   || total
-------------------------++-------
Melee: Short sword       ||     3
 Cast: Shock             ||    53
 Abil: Spit Poison       ||     7
  Use: Potion            ||     1
Armor: Robe              ||     4
Dodge: Dodged            ||    10

Table legend: (Time is in decaauts)
 A = Elapsed time spent in this place.
 B = Non-inter-level travel time spent in this place.
 C = Inter-level travel time spent in this place.
 D = Time resting spent in this place.
 E = Time spent auto-exploring this place.
 F = Levels seen in this place.
 G = Mean time per level.
                   A        B        C        D        E       F      G
               +--------+--------+--------+--------+--------+-----+--------+
         Total |   2104 |   2091 |     13 |    449 |   1382 |   2 | 1052.0 |
       Dungeon |   2104 |   2091 |     13 |    449 |   1382 |   2 | 1052.0 |
               +--------+--------+--------+--------+--------+-----+--------+

Top non-repeatable levels by time:
     D:1: 1533 daAuts
     D:2: 571 daAuts
